 Dungeon Crawl Stone Soup version 0.24-a0-201-gf205589 (webtiles) character file.

Game seed: 6062771717628634908

30 Borgoz the Sneak (level 3, 0/20 HPs)
             Began as a Kobold Enchanter on Mar 24, 2019.
             Slain by a hobgoblin (4 damage)
             ... led by Robin
             ... on level 1 of the Dungeon.
             The game lasted 00:02:41 (2134 turns).

Borgoz the Sneak (Kobold Enchanter)                 Turns: 2134, Time: 00:02:41

Health: 0/20       AC:  2    Str:  6    XL:     3   Next: 37%
Magic:  6/6        EV: 15    Int: 16    God:
Gold:   18         SH:  0    Dex: 15    Spells: 3/6 levels left

rFire    . . .     SeeInvis .   a - +1 dagger
rCold    . . .     Gourm    .   (shield restricted)
rNeg     . . .     Faith    .   b - +0 robe
rPois    .         Spirit   .   (no helmet)
rElec    .         Reflect  .   (no cloak)
rCorr    .         Harm     .   (no gloves)
MR       .....                  (no boots)
Stlth    +++.......             (no amulet)
HPRegen  0.06/turn              (no ring)
MPRegen  0.10/turn              (no ring)

@: no status effects
A: small, carnivore
a: no special abilities


You were on level 1 of the Dungeon.
You were completely stuffed.

You visited 1 branch of the dungeon, and saw 2 of its levels.

You collected 18 gold pieces.

Inventory:

Hand Weapons
 a - a +1 dagger (weapon)
Armour
 b - a +0 robe (worn)
Jewellery
 c - an uncursed ring of flight {unknown}
Potions
 f - 2 potions of curing {unknown}
Comestibles
 d - 3 rations


   Skills:
 + Level 0.9 Fighting
 + Level 2.0 Short Blades
 + Level 0.9 Throwing
 + Level 0.6 Armour
 + Level 2.8 Dodging
 + Level 4.3 Stealth
 - Level 2.1 Spellcasting
 - Level 3.0 Hexes
 + Level 0.3 Ice Magic


You had 3 spell levels left.
You knew the following spells:

 Your Spells              Type           Power        Failure   Level  Hunger
a - Corona                Hex            ##.....      6%          1    #......
b - Ensorcelled Hibernat  Hex/Ice        #.....       16%         2    ###....

Your spell library contained the following spells:

 Spells                   Type           Power        Failure   Level  Hunger
 Confuse                  Hex            ##......     19%         3    ###....
 Tukima's Dance           Hex            ##......     19%         3    ###....
 Dazzling Spray           Conj/Hex       #.....       32%         3    ###....


Dungeon Overview and Level Annotations

Branches:
Dungeon (2/15)

Altars:

Annotations:
D:2 Robin


Innate Abilities, Weirdness & Mutations

You are small and have problems with some larger weapons.
You are carnivorous and can eat meat at any time.


Message History

The goblin closely misses you. The goblin misses you. The goblin hits you.
The hobgoblin misses you. The hobgoblin barely misses you.
The goblin hits you but does no damage.
There is a stone staircase leading up here.
Robin throws the goblin at you! The goblin closely misses you.
The goblin misses you. The goblin hits you. The hobgoblin misses you. x2
The goblin unwields a +0 hunting sling.
The goblin hits you. The goblin barely misses you.
You climb upwards.
There is a stone staircase leading down here.
The hobgoblin hits you but does no damage.
You hit the hobgoblin but do no damage. The goblin hits you.
The hobgoblin hits you. The hobgoblin barely misses you.
You barely miss the hobgoblin. The goblin hits you with a +0 club.
* * * LOW HITPOINT WARNING * * *
The goblin hits you but does no damage. x2; The hobgoblin barely misses you.
The hobgoblin misses you. The goblin hits you with a +0 club.
* * * LOW HITPOINT WARNING * * *
The hobgoblin hits you.
You die...

#....# #.#
#######.########.#
#.....#.#......#.#####
####
#.###.#.#.####.#..)..#
...# #.# #.#.#.# #.#####.#
...# #.# #.#.#.# #.#.# #.#
...# #.# #.#.#.# #.#.###.#
...# #.# #.#g#.# #.#...#.#
[..########.###.@ggg##
#.#...#.#
................gg>..#
#.##.##.#
....#######.#......#)#
#.....#.# ....##
#.#......#.#########.#
.....#
#.#####.....#........#
....'##
#.......##..##.#######
#...#.#############.#.##.#
#...##(..### ###...##.##.#
##'#####...###...###..##.#


You could see 2 hobgoblins and 4 goblins.

Vanquished Creatures
  A dart slug (D:1)
  A leopard gecko (D:1)
  A giant cockroach (D:1)
  6 goblins (D:1)
  5 hobgoblins (D:1)
  2 jackals (D:1)
  A kobold (D:1)
  3 bats (D:1)
  A frilled lizard (D:1)
  2 rats (D:1)
23 creatures vanquished.

Vanquished Creatures (others)
  A goblin (D:2)
1 creature vanquished.

Grand Total: 24 creatures vanquished

Notes
Turn   | Place    | Note
-------+----------+-------------------------------------------
     0 | D:1      | Borgoz the Kobold Enchanter began the quest for the Orb.
     0 | D:1      | Reached XP level 1. HP: 10/10 MP: 3/3
   302 | D:1      | Reached XP level 2. HP: 13/16 MP: 5/5
   327 | D:1      | Learned a level 2 spell: Ensorcelled Hibernation
  1339 | D:1      | Reached XP level 3. HP: 12/20 MP: 6/6
  1839 | D:2      | Noticed Robin
  2134 | D:1      | Slain by a hobgoblin

Levels and vault maps discovered:
D:1:      dpeg_arrival_simpleton_a, layout_basic
D:2:      layout_rooms, nicolae_overflow_hidden_temple, first_ration, uniq_robin

Skill      XL: |  1  2  3 |
---------------+----------+-----
Short Blades   | 2 |  2.0
Fighting       | |  0.9
Throwing       | |  0.9
Armour         | |  0.6
Dodging        | |  2.8
Stealth        | |  4.3
Spellcasting   | |  2.1
Hexes          | |  3.0
Ice Magic      | |  0.3

Action                   || total
-------------------------++-------
Melee: Dagger            ||   139
 Cast: Corona            ||     2
       Ensorcelled Hiber ||     1
  Use: Scroll            ||     3
 Stab: Sleeping          ||     1
  Eat: Chunk             ||    12
Armor: Robe              ||    22
Dodge: Dodged            ||   117

Table legend:
 A = Non-vault XP
 B = Vault XP
 C = Vault XP percentage of total XP
 D = Non-vault monster count
 E = Vault monster count
 F = Vault count percentage of total count
                 A         B        C        D         E       F
            +---------+---------+-------+---------+---------+-------
      Total |      41 |       3 |   6.8 |      21 |       2 |   8.7
            +---------+---------+-------+---------+---------+-------
        D:1 |      41 |       3 |   6.8 |      21 |       2 |   8.7
            +---------+---------+-------+---------+---------+-------
